 Dungeon Crawl Stone Soup version 0.29-a0-911-g88e6f02907 (webtiles) character file.

Game seed: 2236803135579479780

56 snetch the Magician (level 4, -3/31 HPs)
             Began as a Djinni Fire Elementalist on July 25, 2022.
             Was an Initiate of Ashenzari.
             Slain by an iguana (11 damage)
             ... on level 4 of the Dungeon.
             The game lasted 00:06:35 (2427 turns).

snetch the Magician (Djinni Fire Elementalist)      Turns: 2427, Time: 00:06:35

Health: -3/31      AC:  7    Str:  7    XL:     4   Next: 17%
Gold:   70         EV: 10    Int: 19    God:    Ashenzari [......] SH:  5 Dex: 13

rFire   + + +      SeeInvis .   b - +0 long sword
rCold   x . .      Faith    .   (no shield)
rNeg    . . .      Spirit   .   m - +2 ring mail {rF+}
rPois   ∞          Reflect  +   (no helmet)
rElec   .          Harm     .   (no cloak)
rCorr   .          Rampage  .   (no gloves)
Will    .....                   (boots unavailable)
Stlth   +.........              g - amulet of reflection
HPRegen 0.10/turn               (no ring)
MPRegen 0.00/turn               (no ring)

@: flying
A: sickness immunity, fire resistance 2, cold vulnerability 1, float, innate
caster, HP casting, extra vitality 1
a: Renounce Religion, Curse Item


You were on level 4 of the Dungeon.
You worshipped Ashenzari.
Ashenzari was noncommittal.
You visited 1 branch of the dungeon, and saw 4 of its levels.

You collected 70 gold pieces.

Inventory:

Hand Weapons
 b - a +0 long sword (weapon)
Missiles
 f - 26 stones
Armour
 m - a +2 ring mail of fire resistance (worn)
Jewellery
 g - an amulet of reflection (around neck)
 i - the amulet of Upput {RegenMP rC+}
   (You found it on level 3 of the Dungeon)

   [amulet of magic regeneration]

   It increases your rate of magic regeneration.
   rC:        It protects you from cold.
Scrolls
 a - a scroll of noise {unknown}
 c - 4 scrolls of identify {unknown}
 h - a scroll of vulnerability {unknown}
 j - a scroll of summoning {unknown}
 k - a scroll of teleportation {unknown}
Potions
 d - 2 potions of heal wounds {unknown}
 e - a potion of mutation {unknown}
 l - a potion of curing {unknown}


   Skills:
 + Level 0.2 Fighting
 + Level 2.5 Dodging
 + Level 1.9 Stealth
 + Level 3.4 Spellcasting


You couldn't memorise any spells.
You knew the following spells:

 Your Spells              Type           Power      Damage    Failure   Level
a - Foxfire               Conj/Fire      64%        2x1d7     13%         1
b - Scorch                Fire           32%        2d6       19%         2
c - Conjure Flame         Conj/Fire      16%        6-21      36%         3
d - Inner Flame           Hex/Fire       16%        N/A       36%         3
e - Flame Wave            Conj/Fire      16%        2d6       77%         4
f - Beastly Appendage     Tmut           32%        N/A       13%         1
Your spell library was empty.

Dungeon Overview and Level Annotations

Branches:
Dungeon (4/15)
 Temple: D:4-7

Altars:
Ashenzari


Innate Abilities, Weirdness & Mutations

You are immune to sickness and miasma.
You are immune to poison.
Your flesh is very heat resistant. (rF++)
You are vulnerable to cold. (rC-)
You float through the air rather than walking.
You learn spells naturally, not from books.
Your magical power is your life essence.
You have superior vitality. (+4 MHP)


Message History

The iguana bites you but does no damage.
You barely miss the iguana.
The iguana is moderately wounded.
The iguana barely misses you.
Casting: Scorch (safe; 19% risk of failure)
Confirm with . or Enter, or press ? or * to list all spells.
Flames lash the iguana.
The iguana is burned terribly!
The iguana is heavily wounded.
You block the iguana's attack.
Casting: Scorch (safe; 19% risk of failure)
Confirm with . or Enter, or press ? or * to list all spells.
Flames lash the iguana.
The iguana is severely wounded.
An iguana comes into view.
The iguana bites you but does no damage.
Casting: Scorch (safe; 19% risk of failure)
Confirm with . or Enter, or press ? or * to list all spells.
Flames lash the iguana.
The iguana is moderately wounded.
The iguana's fire resistance burns away.
The iguana bites you but does no damage.
You conjure some foxfire!
The iguana barely misses you.
You conjure some foxfire!
The foxfire hits the iguana.
The iguana is burned terribly!
The iguana is almost dead.
The foxfire hits the iguana but does no damage.
The iguana is almost dead.
The iguana bites you!
* * * LOW HITPOINT WARNING * * *
The iguana bites you but does no damage.
Casting: Foxfire (safe; 13% risk of failure)
Press: ? - help, Q - select action, (/) - cycle Dir - look around, f - activate You conjure some foxfire!
* * * LOW HITPOINT WARNING * * *
The foxfire hits the iguana.
The iguana is moderately wounded.
The foxfire hits the iguana!
The iguana is burned terribly!
The iguana is almost dead.
The iguana bites you!
You die...

. .. ##. .$.
..#######.#
#.....v...#
#...v@l.#
#...§.l...#
#............
#............
#............
#.............
#.............
#.........##..


You could see 2 iguanas.

Vanquished Creatures
  An adder (D:2)
  A dart slug (D:1)
  A ball python (D:2)
  8 endoplasms
  A giant cockroach (D:1)
  5 goblins
  6 hobgoblins
  2 jackals (D:1)
  6 bats
  2 frilled lizards
  4 kobolds
  3 rats
40 creatures vanquished.

Vanquished Creatures (collateral kills)
  4 foxfires (D:1)
4 creatures vanquished.

Vanquished Creatures (others)
  98 foxfires
  2 plants (D:1)
100 creatures vanquished.

Grand Total: 144 creatures vanquished

Notes
Turn   | Place    | Note
-------+----------+-------------------------------------------
     0 | D:1      | snetch the Djinni Fire Elementalist began the quest for the
                  | Orb.
     0 | D:1      | snetch set off with the following spells memorised:
                  | Foxfire, Scorch, Conjure Flame, Inner Flame, Flame Wave.
     0 | D:1      | Reached XP level 1. HP: 15/15 MP: 0/0
    88 | D:1      | Reached XP level 2. HP: 11/21 MP: 0/0
   499 | D:3      | Identified the amulet of Upput {RegenMP rC+}
   563 | D:2      | Found a faded altar of an unknown god.
   569 | D:2      | Prayed at the altar of an unknown god.
   569 | D:2      | Became a worshipper of Ashenzari the Shackled
   702 | D:2      | Reached skill level 3 in Spellcasting
   808 | D:2      | Reached XP level 3. HP: 23/25 MP: 0/0
   808 | D:2      | Learned a level 1 spell: Beastly Appendage
  1906 | D:2      | Reached XP level 4. HP: 27/31 MP: 0/0
  2081 | D:2      | Found a broken altar of Ashenzari.
  2427 | D:4      | Slain by an iguana

Illustrated notes

Levels and vault maps discovered:
D:1:      eino_arrival_cavern_c, layout_rooms, chequers_hall_statues_corner_a,
          serial_bayou_lagoon_b
D:2:      minmay_alternating_diamond, layout_loops_ring, basic_altar,
          dreamdust_ecumenical_altar_angels_and_demons
D:3:      layout_loops_ring, minitemple,
          mainiacjoe_overflow_concentric_impassable, serial_shops, shop
D:4:      layout_rooms, mainiacjoe_overflow_boulevard,
          ebering_ghost_rock_garden, uniq_grinder, uniq_sigmund

Skill      XL: |  1  2 |
---------------+-------+-----
Spellcasting   | 3 |  3.4
Fighting       | |  0.2
Dodging        | |  2.5
Stealth        | |  1.9

Action                   |  1- 3 |  4- 6 || total
-------------------------+-------+-------++-------
Melee: Long sword        |    17 |     3 ||    20
 Cast: Foxfire           |    48 |     9 ||    57
       Scorch            |     2 |     5 ||     7
Armor: Robe              |     7 |       ||     7
       Ring mail         |       |     5 ||     5
Dodge: Dodged            |    14 |     2 ||    16
Block: Other             |       |     1 ||     1

Table legend: (Time is in decaauts)
 A = Elapsed time spent in this place.
 B = Non-inter-level travel time spent in this place.
 C = Inter-level travel time spent in this place.
 D = Time resting spent in this place.
 E = Time spent auto-exploring this place.
 F = Levels seen in this place.
 G = Mean time per level.
                   A        B        C        D        E       F      G
               +--------+--------+--------+--------+--------+-----+--------+
         Total |   2436 |   2281 |    155 |    309 |   1471 |   4 |  609.0 |
       Dungeon |   2436 |   2281 |    155 |    309 |   1471 |   4 |  609.0 |
               +--------+--------+--------+--------+--------+-----+--------+

Top non-repeatable levels by time:
     D:1: 1286 daAuts
     D:2: 1052 daAuts
     D:3: 87 daAuts
     D:4: 9 daAuts
